 Dungeon Crawl Stone Soup version 0.29.1-2-gbd0b4ee654 (webtiles) character file.

Game seed: 10886830891596941890

23242 CBASSkasper the Fighter (level 12, -7/113 HPs)
             Began as a Minotaur Berserker on Nov 4, 2022.
             Was an Elder of Trog.
             Mangled by a reaper
             ... wielding a +4 scythe of freezing
              (27 damage)
             ... in an ice cave.
             The game lasted 00:44:38 (11210 turns).

CBASSkasper the Fighter (Minotaur Berserker)       Turns: 11210, Time: 00:44:38

Health: -7/113     AC: 28    Str: 25    XL:     12   Next: 70%
Magic:  11/11      EV: 11    Int:  9    God:    Trog [****..]
Gold:   368        SH:  0    Dex: 12    Spells: 11/11 levels left

rFire   . . .      SeeInvis .   Q - +9 dire flail of the Bashing Gods {flame, rC+}
rCold   + + .      Faith    .   (shield currently unavailable)
rNeg    . . .      Spirit   .   D - +0 plate armour
rPois   .          Reflect  .   (helmet restricted)
rElec   .          Harm     .   F - +0 cloak
rCorr   .          Rampage  .   l - +2 pair of gloves {Stlth+}
Will    ++...                   y - +2 pair of boots of Protective Custody {rC+ Int+5}
Stlth   ..........              (no amulet)
HPRegen 1.28/turn               a - +4 ring of protection
MPRegen 0.12/turn               V - ring of flight

@: strong-willed, flying, regenerating
A: horns 2, retaliatory headbutt
a: Renounce Religion, Berserk, Trog's Hand, Brothers in Arms


You were in an ice cave.
You worshipped Trog.
Trog was greatly pleased with you.
You visited 1 branch of the dungeon, and saw 11 of its levels.
You also visited: Ossuary and Ice Cave.

You collected 957 gold pieces.
You spent 589 gold pieces at shops.

Inventory:

Hand Weapons
 n - a +1 war axe
 v - a +8 battleaxe
 K - a +1 war axe of freezing
 Q - the +9 dire flail of the Bashing Gods (weapon) {flame, rC+}
   (You took it off a two-headed ogre on level 8 of the Dungeon)

   It burns those it strikes, dealing additional fire damage.
   rC:        It protects you from cold.
Missiles
 j - 15 poisoned darts (quivered)
 k - 103 stones
 o - 5 javelins
 r - a throwing net
 u - 18 boomerangs
 S - 3 curare-tipped darts
Armour
 l - a +2 pair of gloves of stealth (worn)
 p - a +2 pair of gloves of strength
 y - the +2 pair of boots of Protective Custody (worn) {rC+ Int+5}
   (You found it on level 4 of the Dungeon)

   Int:       It affects your intelligence (+5).
   rC:        It protects you from cold.
 D - a +0 plate armour (worn)
 F - a +0 cloak (worn)
 H - a +0 buckler
Jewellery
 a - a +4 ring of protection (left hand)
 T - a +6 ring of dexterity
 V - a ring of flight (right hand)
Wands
 t - a wand of flame (39)
 x - a wand of iceblast (5)
 C - a wand of digging (4)
 O - a wand of mindburst (6)
 P - a wand of acid (9)
 U - a wand of polymorph (4)
Scrolls
 b - 2 scrolls of magic mapping {unknown}
 c - a scroll of silence
 e - 5 scrolls of noise {unknown}
 g - a scroll of immolation
 h - 4 scrolls of butterflies
 i - 2 scrolls of blinking {unknown}
 s - 3 scrolls of poison {unknown}
 z - 3 scrolls of enchant weapon
 A - a scroll of summoning {unknown}
 J - 5 scrolls of teleportation
 R - a scroll of vulnerability {unknown}
 W - a scroll of enchant armour
Potions
 d - 3 potions of mutation {unknown}
 f - a potion of might
 m - a potion of flight
 q - 3 potions of lignification
 w - 3 potions of resistance
 B - 6 potions of curing
 E - 4 potions of ambrosia
 G - 2 potions of heal wounds
 I - a potion of invisibility
 L - 2 potions of haste
 M - a potion of berserk rage
 N - a potion of attraction {unknown}


   Skills:
 + Level 12.8 Fighting
 - Level 11.3(12.8) Axes
 * Level 10.0(12.2) Maces & Flails
 + Level 12.6 Armour
 + Level 11.5 Dodging


You had 11 spell levels left.
You didn't know any spells.
Your spell library was empty.

Dungeon Overview and Level Annotations

Branches:
Dungeon (11/15)            Temple (0/1) D:7            Lair (0/5) D:8
Ossuary (visited)           IceCv (1/1)
    Orc: D:9-12

Altars:
Ashenzari
Cheibriados
Kikubaaqudgha
Makhleb
Zin
The Shining One

Shops:
D:3 :   D:5 (*   D:9 (*(*   D:10 [


Innate Abilities, Weirdness & Mutations

You have a pair of horns on your head.
You reflexively headbutt those who attack you in melee.


Message History

The reaper misses you.
The ice devil hits you but does no damage.
Your ogre is engulfed in freezing vapours.
Your ogre hits the ice devil with a +0 giant spiked club!!!
The ice devil dies!
Trog accepts your kill.
Your base Maces & Flails skill increases to level 10!
You are engulfed in freezing vapours.
You resist.
Your ogre is engulfed in freezing vapours.
Your ogre hits the reaper with a +0 giant spiked club!
Your ogre is engulfed in freezing vapours.
Your ogre dies!
Your ogre's corpse disappears in a puff of smoke!
Aiming: Throw Flame
Press: ? - help, Q - select action, (/) - cycle Shift-Dir - straight line, f - reaper
Aim: a reaper, wielding a +4 scythe of freezing, wearing a +1 robe of cold resistance and wearing a ring of protection from cold (lightly wounded, 68% to hit)
You hear a sizzling sound!
The puff of flame hits the reaper.
The reaper is lightly wounded.
The reaper hits you from afar with a +4 scythe of freezing.
The reaper hits you with a +4 scythe of freezing!!
* * * LOW HITPOINT WARNING * * *
You feel much better.
A spriggan simulacrum comes into view.
The reaper hits you with a +4 scythe of freezing.
You are too injured to fight recklessly!
You hit the reaper but do no damage.
You headbutt the reaper, but do no damage.
The reaper is lightly wounded.
You barely miss the reaper.
The reaper is lightly wounded.
The reaper hits you with a +4 scythe of freezing!!
* * * LOW HITPOINT WARNING * * *
The reaper freezes you.
* * * LOW HITPOINT WARNING * * *
You hit the reaper but do no damage. Your headbutt misses the reaper.
The reaper is lightly wounded.
An ice devil comes into view.
The reaper hits you with a +4 scythe of freezing!!
You die...

........ ≈### #....#
#...... #§.#####
###.......
##.§§##.####....##..
##..#○°...#.....#
..# ##
#..##...#.....# ..
°.#
#...######....###
.#...## ##...##
#......##4.....#
##...# ##....@2ZZ.#
##...# ##..°###..#
#...## ##### .○#
##...## ..#
##.....## ...
#...∩...# ....
#.......# #.###
##..∩..## .. ##...##


You could see a reaper, an ice devil, a spriggan simulacrum and a troll
simulacrum.

Vanquished Creatures
  Josephine (D:10)
  Fannar (D:11)
  Erolcha (D:9)
  A boulder beetle (D:11)
  2 two-headed ogres (D:8)
  Erica (D:9)
  The ghost of qeuew the Cleaver, a novice FoFi of Trog (D:7)
  A necromancer (D:10)
  The ghost of xian the Chopper, a novice DsGl (D:5)
  2 rime drakes (D:11)
  2 ice devils (IceCv)
  The ghost of whiskeysaurus the Ruffian, an amateur TrFi (D:6)
  2 unseen horror skeletons
  A troll (D:10)
  A hornet (D:7)
  Prince Ribbit (D:6)
  A meliai zombie (D:10)
  3 shadows
  4 flying skulls (D:10)
  21 yaks
  Sigmund (D:4)
  7 wraiths
  Grum (D:11)
  2 steam dragons
  4 vampire mosquitoes (D:10)
  Edmund (D:4)
  Menkaure (D:5)
  A harpy simulacrum (IceCv)
  A hydra simulacrum (IceCv)
  A water moccasin (D:6)
  2 black bears
  An ice beast (D:6)
  3 ogres
  2 centaurs (D:9)
  3 wolves (D:11)
  A phantom (D:3)
  Blork the orc (D:5)
  4 kobold brigands
  3 bullfrogs
  A water moccasin zombie (D:5)
  5 scorpions
  A necrophage (D:8)
  A cane toad simulacrum (IceCv)
  16 wights
  10 killer bees
  6 centaur zombies
  3 hounds
  A jelly (D:7)
  8 centaur skeletons
  A gnoll bouda (D:8)
  3 orc priests
  3 iguanas
  Ijyb (D:4)
  3 orc wizards (D:4)
  2 troll simulacra (IceCv)
  A polar bear simulacrum (IceCv)
  A spectral howler monkey (D:6)
  8 mummies (Ossuary)
  3 howler monkey zombies
  18 gnolls
  A howler monkey skeleton (D:10)
  9 adders
  3 naga simulacra (IceCv)
  3 river rats (D:3)
  A white imp (IceCv)
  3 ufetubi
  5 worms
  2 dart slugs (D:4)
  14 orcs
  5 endoplasms
  8 giant cockroaches
  2 gnoll zombies (Ossuary)
  7 goblins
  10 hobgoblins
  2 jackals (D:2)
  27 kobolds
  3 quokkas
  7 ball pythons
  8 bats
  A frilled lizard (D:3)
  3 hobgoblin zombies (Ossuary)
  2 kobold zombies (Ossuary)
  An orc zombie (Ossuary)
  9 rats
321 creatures vanquished.

Vanquished Creatures (collateral kills)
  The ghost of Rudyous the Fighter, a novice MiFi of Gozag (D:8)
  An ice devil (IceCv)
  An ogre (D:8)
3 creatures vanquished.

Grand Total: 324 creatures vanquished

Notes
Turn   | Place    | Note
-------+----------+-------------------------------------------
     0 | D:1      | CBASSkasper the Minotaur Berserker began the quest for the
                  | Orb.
     0 | D:1      | Reached XP level 1. HP: 19/19 MP: 0/0
   291 | D:1      | Reached XP level 2. HP: 21/27 MP: 1/1
  1234 | D:2      | Reached ** piety under Trog
  1235 | D:2      | Reached XP level 3. HP: 33/33 MP: 2/2
  1560 | D:2      | Reached XP level 4. HP: 37/41 MP: 3/3
  1738 | D:2      | Found a snail-covered altar of Cheibriados.
  2397 | D:3      | Noticed a phantom
  2402 | D:3      | Killed a phantom
  2403 | D:3      | Reached XP level 5. HP: 38/47 MP: 4/4
  2484 | D:3      | Found Osuole's Book Emporium.
  2855 | D:3      | Reached skill level 5 in Fighting
  2855 | D:3      | Reached skill level 5 in Axes
  3053 | D:3      | Reached *** piety under Trog
  3054 | D:3      | Reached XP level 6. HP: 56/56 MP: 5/5
  3431 | D:4      | Noticed Sigmund
  3443 | D:4      | Killed Sigmund
  3452 | D:4      | Found a glowing silver altar of Zin.
  3495 | D:4      | Reached skill level 5 in Armour
  3502 | D:4      | Reached XP level 7. HP: 55/62 MP: 6/6
  3583 | D:4      | Noticed Ijyb
  3594 | D:4      | Killed Ijyb
  3652 | D:4      | Identified the +2 pair of boots of Protective Custody {rC+
                  | Int+5}
  3712 | D:4      | Identified the +5 falchion "Heoki" {chaos, rF++ Will-
                  | Int+4}
  3749 | D:4      | Reached skill level 5 in Dodging
  3771 | D:4      | Found a glowing golden altar of the Shining One.
  3775 | D:4      | Noticed Edmund
  3788 | D:4      | Killed Edmund
  4154 | D:5      | Entered Level 5 of the Dungeon
  4226 | D:5      | Reached XP level 8. HP: 49/71 MP: 7/7
  4529 | D:5      | Noticed Menkaure
  4536 | D:5      | Killed Menkaure
  4729 | D:5      | Found a transporter.
  4753 | D:5      | Found a transporter.
  4753 | D:5      | Noticed xian's ghost (novice DsGl)
  4941 | D:5      | Noticed Blork the orc
  4950 | D:5      | Killed Blork the orc
  4966 | D:5      | Found Udoannach's Weapon Emporium.
  5030 | D:5      | Found Xuisukkima's General Store.
  5149 | D:5      | Killed xian's ghost
  5150 | D:5      | Reached XP level 9. HP: 81/81 MP: 8/8
  5391 | D:6      | Found a sand-covered staircase.
  5405 | Ossuary  | Entered an ossuary
  5414 | Ossuary  | Reached **** piety under Trog
  5864 | D:6      | Noticed Prince Ribbit
  5876 | D:6      | Killed Prince Ribbit
  6082 | D:6      | Found a burning altar of Makhleb.
  6244 | D:6      | Found a runed translucent gate.
  6244 | D:6      | Found a runed translucent gate.
  6244 | D:6      | Found a runed translucent gate.
  6252 | D:6      | Noticed whiskeysaurus's ghost (amateur TrFi)
  6308 | D:6      | Found an ancient bone altar of Kikubaaqudgha.
  6503 | D:6      | Killed whiskeysaurus's ghost
  6748 | D:7      | Noticed qeuew's ghost (novice FoFi)
  6761 | D:7      | Found a transporter.
  6766 | D:7      | Found a transporter.
  6886 | D:7      | Reached XP level 10. HP: 91/91 MP: 9/9
  6952 | D:7      | Found a staircase to the Ecumenical Temple.
  7139 | D:7      | Killed qeuew's ghost
  7140 | D:7      | Reached skill level 10 in Fighting
  7140 | D:7      | Reached skill level 10 in Axes
  7362 | D:8      | Noticed a two-headed ogre
  7371 | D:8      | Killed a two-headed ogre
  7372 | D:8      | Reached skill level 10 in Armour
  7914 | D:8      | Noticed Rudyous's ghost (novice MiFi)
  7915 | D:8      | Found a transporter.
  7940 | D:8      | Found a broken altar of Ashenzari.
  7999 | D:8      | Found a staircase to the Lair.
  8083 | D:8      | Identified the +9 dire flail of the Bashing Gods {flame,
                  | rC+}
  8083 | D:8      | Noticed a two-headed ogre
  8089 | D:8      | Found a transporter.
  8102 | D:8      | Killed a two-headed ogre
  8103 | D:8      | Reached XP level 11. HP: 11/101 MP: 10/10
  8115 | D:8      | Killed Rudyous's ghost
  8494 | D:9      | Reached skill level 1 in Maces & Flails
  8906 | D:9      | Found Iblijown's Weapon Boutique.
  8938 | D:9      | Found Giasek's Assorted Antiques.
  8945 | D:9      | Bought 2 potions of curing for 192 gold pieces
  8962 | D:9      | Noticed Erica
  8970 | D:9      | Killed Erica
  8971 | D:9      | Reached skill level 10 in Dodging
  9001 | D:9      | Found Zujeirr's Antique Weapon Boutique.
  9070 | D:9      | Noticed Erolcha
  9088 | D:9      | Killed Erolcha
  9166 | D:9      | Found Axzas's General Store.
  9181 | D:9      | Bought a scroll of identify for 30 gold pieces
  9181 | D:9      | Bought a scroll of identify for 30 gold pieces
  9555 | D:9      | Reached skill level 5 in Maces & Flails
  9885 | D:10     | Entered Level 10 of the Dungeon
  9945 | D:10     | Found Bajon's Armour Shoppe.
  9954 | D:10     | Bought a +2 pair of gloves of stealth for 279 gold pieces
 10007 | D:10     | Noticed Josephine
 10008 | D:10     | Noticed a necromancer
 10022 | D:10     | Killed a necromancer
 10038 | D:10     | Killed Josephine
 10059 | D:10     | Reached XP level 12. HP: 99/112 MP: 11/11
 10075 | D:10     | Reached ***** piety under Trog
 10578 | D:10     | Received a gift from Trog
 10672 | D:10     | Bought a +0 buckler for 58 gold pieces
 10785 | D:11     | Noticed a boulder beetle
 10800 | D:11     | Killed a boulder beetle
 10867 | D:11     | Noticed Fannar
 10877 | D:11     | Killed Fannar
 10935 | D:11     | Found a frozen archway.
 10938 | D:11     | Noticed Grum
 10957 | D:11     | Killed Grum
 11127 | IceCv    | Entered an ice cave
 11192 | IceCv    | Noticed a reaper
 11203 | IceCv    | Reached skill level 10 in Maces & Flails
 11210 | IceCv    | Mangled by a reaper

Illustrated notes

Levels and vault maps discovered:
D:1:      roderic_octagonal_star, layout_loops_cross, minmay_splitting_lines,
          hangedman_feature_mirror, chequers_serial_rivers_micro_d,
          minmay_misc_feat_rows, grunt_decor_fettered
D:2:      layout_loops_ring, basic_altar, minmay_distorted
D:3:      layout_loops_ring, lightli_sewer_entry_pipes, serial_shops,
          nicolae_shop_hallway_stairs, st_stairs_11, minmay_misc_feat_five
D:4:      layout_cave_pools, grunt_temple_overflow_open, uniq_sigmund,
          uniq_ijyb, uniq_edmund
D:5:      cheibrodos_quashed, layout_loops_ring, gammafunk_ghost_mausoleum,
          serial_shops, nicolae_shop_bloodbath_and_beyond,
          nicolae_shop_statue_plus, uniq_blork_the_orc, uniq_menkaure
D:6:      layout_loops_corners, amcnicky_altar_gilded, kennysheep_little_box,
          lightli_ossuary_entry_decrepit_ruins, gammafunk_ghost_necromancy,
          uniq_prince_ribbit1
D:7:      layout_basic, temple_green, gammafunk_ghost_hive
D:8:      layout_rooms, evilmike_ruin_ashenzari, lair_entry_dummy,
          gammafunk_ghost_smash, chequers_serial_rivers_small_a,
          kennysheep_small_circle
D:9:      layout_gridville, serial_shops, nicolae_shop_stone, shop, shop,
          nicolae_shop_crystal, serial_bayou_pond_e, corexii_leaking_fountain,
          grunt_ministairs_6, uniq_erolcha, uniq_erica
D:10:     hangedman_screamer, layout_rooms, serial_shops, nicolae_lakefront_shop
D:11:     layout_roguey, portal_ice_cave_rime, uniq_fannar, uniq_grum
IceCv:    ice_cave_small_demon

Skill      XL: |  1  2  3  4  5  6  7  8  9 10 11 12 |
---------------+-------------------------------------+-----
Fighting       | 4 5 6 7 9 10 11 12 | 12.8
Axes           | 4 5 6 7 9 11 | 11.3
Armour         | 3 4 5 6 7 9 10 11 12 | 12.6
Dodging        | 3 4 5 6 8 9 10 11 | 11.5
Maces & Flails | 7 10 | 10.0

Action                   |  1- 3 |  4- 6 |  7- 9 | 10-12 || total
-------------------------+-------+-------+-------+-------++-------
Melee: Hand axe          |    72 |       |       |       ||    72
       Headbutt          |    11 |    14 |    46 |    89 ||   160
       War axe           |    13 |   139 |   233 |    97 ||   482
       Punch             |       |     1 |     3 |     1 ||     5
       Dire flail        |       |       |       |   304 ||   304
Throw: Javelin           |       |     3 |       |       ||     3
       Boomerang         |       |     1 |       |       ||     1
       Dart              |       |       |     2 |       ||     2
Invok: Berserk           |     1 |     1 |     6 |     7 ||    15
       Trog's Hand       |       |     1 |     4 |     7 ||    12
       Brothers in Arms  |       |       |       |     2 ||     2
Evoke: Wand              |       |       |       |     2 ||     2
  Use: Scroll            |       |       |     9 |     7 ||    16
       Potion            |       |       |     3 |     6 ||     9
 Stab: Sleeping          |     2 |       |       |       ||     2
       Distracted        |     1 |       |       |       ||     1
Armor: Animal skin       |    15 |       |       |       ||    15
       Ring mail         |     9 |       |       |       ||     9
       Chain mail        |     6 |    52 |    75 |       ||   133
       Plate armour      |       |       |    47 |   344 ||   391
Dodge: Dodged            |    61 |    65 |   143 |   234 ||   503
